 Dungeon Crawl Stone Soup version 0.26.0-10-g1f06aea511 (webtiles) character file.

Game seed: 7859840139656534956

217705 Arum the Warrior (level 19, -9/167 HPs)
             Began as a Formicid Fighter on Jan 15, 2021.
             Was a High Priest of Cheibriados.
             Mangled by an Executioner (20 damage)
             ... summoned by a lich
             ... on level 3 of the Abyss.
             The game lasted 00:57:55 (35821 turns).

Arum the Warrior (Formicid Fighter)                Turns: 35821, Time: 00:57:56

Health: -9/167     AC: 23    Str: 39    XL:     19   Next: 83%
Magic:  0/30       EV: 10    Int: 24    God:    Cheibriados [*****.]
Gold:   3797       SH: 15    Dex: 26    Spells: 18/18 levels left

rFire    . . .     SeeInvis +   Q - +8 demon blade "Leech" {vamp, *Rage +Rage rN+}
rCold    + + .     Faith    .   w - +0 kite shield {reflect}
rNeg     + . .     Spirit   +   E - +4 scale mail {rC+}
rPois    +         Reflect  +   (helmet unavailable)
rElec    .         Harm     .   l - +0 cloak
rCorr    .         Rampage  .   O - +3 pair of gauntlets of War {Slay+5}
Will     ++...                  o - +1 pair of boots "Ricun" {+Fly}
Stlth    ..........             u - amulet of guardian spirit
HPRegen  0.37/turn              z - ring of willpower
MPRegen  0.22/turn              B - ring "Acenoichie" {rPois rC+ Slay+3 Stlth-}

@: studying Transmutations, very slow
A: permanent stasis, dig shafts and tunnels, four strong arms, antennae 3
}: 1/15 runes: serpentine
a: Dig, Shaft Self, Renounce Religion, Evoke Flight, Bend Time, Temporal
Distortion, Slouch, Step From Time


You were on level 3 of the Abyss.
You worshipped Cheibriados.
Cheibriados was extremely pleased with you.
You visited 6 branches of the dungeon, and saw 29 of its levels.
You visited the Abyss 1 time.
You also visited: Sewer and Gauntlet.

You collected 4867 gold pieces.
You spent 1070 gold pieces at shops.

Inventory:

Hand Weapons
 H - a +0 quarterstaff of freezing
 I - a +3 quarterstaff of pain
 Q - the +8 demon blade "Leech" (weapon) {vamp, *Rage +Rage rN+}
   (You took it off a minotaur in a Gauntlet)

   It inflicts no extra harm, but heals its wielder when it wounds a living foe.
   It protects you from negative energy.
   It lets you go berserk.
   It may make you go berserk in combat.
Missiles
 F - 16 silver javelins
 G - 33 javelins
 J - 3 throwing nets
Armour
 j - the +2 cloak "Raradi Xuysy" {Harm Str+3 Dex-4}
   (You found it on level 15 of the Dungeon)

   It affects your strength (+3).
   It affects your dexterity (-4).
   It increases damage dealt and taken.
 l - a +0 cloak (worn)
 o - the +1 pair of boots "Ricun" (worn) {+Fly}
   (You found it on level 13 of the Dungeon)

   It lets you fly.
 w - a +0 kite shield of reflection (worn)
 E - a +4 scale mail of cold resistance (worn)
 O - the +3 pair of gauntlets of War (worn) {Slay+5}
   (You found it in a Gauntlet)

   It affects your accuracy and damage with ranged weapons and melee attacks
   (+5).
Jewellery
 q - an uncursed ring of magical power
 r - a +6 ring of strength
 u - an amulet of guardian spirit (around neck)
 x - a +4 ring of evasion
 z - a ring of willpower (left hand)
 B - the ring "Acenoichie" (right hand) {rPois rC+ Slay+3 Stlth-}
   (You bought it in a shop on level 3 of the Snake Pit)

   [ring of attention]

   It affects your accuracy and damage with ranged weapons and melee attacks
   (+3).
   It protects you from cold.
   It protects you from poison.
   It makes you less stealthy.
 X - an uncursed amulet of the acrobat {unknown}
Wands
 p - a wand of acid (9)
 K - a wand of iceblast (21)
 N - a wand of disintegration (31)
 Y - a wand of paralysis (12)
Scrolls
 h - 5 scrolls of enchant armour
 i - 4 scrolls of immolation
 k - 16 scrolls of identify
 m - 15 scrolls of remove curse
 n - 4 scrolls of fear
 t - 4 scrolls of magic mapping
 v - 5 scrolls of enchant weapon
 y - a scroll of noise
 L - 7 scrolls of amnesia
 P - 2 scrolls of torment
 R - 2 scrolls of vulnerability
 T - a scroll of holy word
 V - a scroll of fog
Potions
 a - 5 potions of ambrosia
 b - 6 potions of lignification
 c - a potion of magic
 d - 3 potions of might
 e - 8 potions of curing
 f - 5 potions of brilliance
 g - 6 potions of heal wounds
 s - 3 potions of flight
 A - 3 potions of resistance
 D - 4 potions of cancellation
 U - a potion of invisibility
 Z - a potion of attraction
Books
 W - a manual of Transmutations
Miscellaneous
 C - a condenser vane (inert)
 M - a box of beasts
 S - a tin of tremorstones (2/2)


   Skills:
 + Level 19.6 Fighting
 + Level 15.9 Long Blades
 - Level 12.3 Staves
 - Level 15.0 Armour
 - Level 9.0 Shields
 - Level 15.0 Invocations


You had 18 spell levels left.
You didn't know any spells.
Your spell library contained the following spells:

 Spells                   Type           Power        Failure   Level
 Beastly Appendage        Tmut           0%           22%         1
 Magic Dart               Conj           0%           22%         1
 Sandblast                Erth           0%           22%         1
 Summon Small Mammal      Summ           0%           22%         1
 Call Imp                 Summ           0%           32%         2
 Passwall                 Tmut/Erth      0%           32%         2
 Searing Ray              Conj           0%           32%         2
 Slow                     Hex            0%           32%         2
 Wereblood                Tmut           0%           32%         2
 Call Canine Familiar     Summ           0%           54%         3
 Conjure Flame            Conj/Fire      0%           54%         3
 Mephitic Cloud           Conj/Pois/Air  0%           54%         3
 Spider Form              Tmut/Pois      0%           54%         3
 Stone Arrow              Conj/Erth      0%           54%         3
 Summon Guardian Golem    Hex/Summ       0%           54%         3
 Animate Dead             Necr           0%           91%         4
 Fulminant Prism          Conj/Hex       0%           91%         4
 Ice Form                 Ice/Tmut       0%           91%         4
 Petrify                  Tmut/Erth      0%           91%         4
 Summon Ice Beast         Ice/Summ       0%           91%         4
 Summon Lightning Spire   Summ/Air       0%           91%         4
 Blade Hands              Tmut           0%           99%         5
 Borgnjor's Vile Clutch   Necr/Erth      0%           99%         5
 Lee's Rapid Deconstruct  Erth           0%           99%         5
 Death Channel            Necr           0%           100%        6
 Simulacrum               Ice/Necr       0%           100%        6
 Statue Form              Tmut/Erth      0%           100%        6
 Ignition                 Fire           0%           100%        8
 Shatter                  Erth           0%           100%        9
 Blink                    Tloc           Unusable     N/A         2

Dungeon Overview and Level Annotations

Branches:
Dungeon (15/15)            Temple (1/1) D:6            Lair (6/6) D:10
 Shoals (1/4) Lair:4        Snake (4/4) Lair:4        Slime (0/5) Lair:5
    Orc (2/2) D:9             Elf (0/3) Orc:2        Vaults (0/5) D:13
 Depths (0/5) D:15          Sewer (visited)         Gauntlet (visited)

Altars:
Ashenzari
Cheibriados
Dithmenos
Elyvilon
Fedhas
Gozag
Hepliaklqana
Kikubaaqudgha
Makhleb
Nemelex Xobeh
Okawaru
Qazlal
Ru
Sif Muna
Trog
Uskayaw
Vehumet
Wu Jian
Xom
Yredelemnul
Zin
The Shining One
Lugonu

Shops:
D:7 *   D:9 (}(*   Orc:1 ?   Orc:2 ?((}   Shoals:1 *   Snake:3 =}=   Snake:4 *

Portals:
Abyss: D:8

Annotations:
Shoals:1 exclusion: obsidian statue, vatarom's ghost, adept DsAK


Innate Abilities, Weirdness & Mutations

You cannot be hasted, slowed, berserked, paralysed or teleported.
You can dig through walls and to a lower floor.
Your four strong arms can wield two-handed weapons with a shield.
You have a pair of large antennae on your head. (SInv)


Message History

You block the Executioner's attack.
The Executioner hits you but does no damage. x2
The Executioner hits you!
* * * LOW HITPOINT WARNING * * *
The Executioner hits you.
* * * LOW HITPOINT WARNING * * *
You block the Executioner's attack.
The satyr hits you from afar with a +0 spear.
* * * LOW HITPOINT WARNING * * *
Unknown command.
You feel much better. The Executioner gestures at you.
You resist with almost no effort.
The lich touches you but does no damage.
The Executioner hits you!
* * * LOW HITPOINT WARNING * * *
You block the Executioner's attack. The Executioner hits you!
* * * LOW HITPOINT WARNING * * *
The green death completely misses you. The Executioner hits you!!
You die...

..........≈.....≈#
. ......≈≈≈≈. ...
.≈.......≈≈≈ .≈≈.
≈........####....
≈.≈......##∩8..#..
..≈≈≈....#≈≈.≈≈.?#
≈≈.≈≈≈≈≈.+≈≈≈.8...
..≈..≈≈≈≈+1.≈...##
. ≈≈≈≈≈≈≈+@1≈≈....
...≈..≈.c#L2..≈...
.§...≈.≈≈D...∩..##
≈L.≈.≈.......#...#
.≈≈≈..≈.≈.≈≈..≈≈.#
###........#.###
.........##..
..######## ##


You could see a bone dragon, a lich, a green death (summoned), 2 Executioners
and a satyr.

Vanquished Creatures
  Vashnia (Snake:2)
  A shadow dragon (D:12)
  Kirke (Snake:3)
  2 krakens (Shoals:1)
  Roxanne (D:14)
  Donald (Snake:4)
  11 nagarajas
  2 orc warlords
  A minotaur (Gauntlet)
  A merfolk javelineer (Shoals:1)
  2 merfolk impalers (Shoals:1)
  2 fire dragons (D:15)
  A death ooze (Gauntlet)
  Fannar (Lair:2)
  A rakshasa (D:15)
  7 hydras
  6 boulder beetles
  4 catoblepae
  A vault guard (D:13)
  A ghost crab (Gauntlet)
  9 anacondas
  4 centaur warriors
  2 merfolk avatars (Shoals:1)
  19 naga warriors
  7 two-headed ogres
  An ogre mage (D:15)
  A deep troll shaman (Lair:6)
  A death knight (D:14)
  An alligator (Shoals:1)
  10 death yaks
  A merfolk aquamancer (Shoals:1)
  2 tengu warriors
  An orc high priest (Orc:2)
  Sonja (Lair:4)
  5 shock serpents
  13 naga sharpshooters
  5 skeletal warriors
  2 salamander mystics
  4 unseen horrors
  A flayed ghost (D:12)
  3 naga ritualists
  11 sea snakes
  A wizard (D:14)
  Pikel (D:8)
  6 harpies (Shoals:1)
  A lindwurm (Lair:6)
  2 orc knights (Orc:2)
  18 ugly things
  5 mana vipers
  A wolf spider (D:15)
  5 orc sorcerers
  9 salamanders
  2 fauns (Shoals:1)
  7 manticores
  Joseph (D:9)
  3 deep elf magi
  6 cyclopes
  18 elephants
  20 naga magi
  31 black mambas
  7 merfolk sirens
  8 guardian serpents
  A gargoyle (D:15)
  5 rime drakes
  Maggie (D:6)
  6 cane toads
  3 torpor snails
  A rime drake (shapeshifter) (D:15)
  12 komodo dragons
  3 kobold demonologists
  4 freezing wraiths
  8 trolls
  2 tengu conjurers
  6 merfolk (Shoals:1)
  A queen bee (Lair:2)
  4 polar bears
  2 hornets
  15 blink frogs
  3 wind drakes (Shoals:1)
  11 slime creatures
  5 dream sheep
  Grinder (D:6)
  4 snapping turtles (Shoals:1)
  4 wyverns
  4 water elementals (Shoals:1)
  12 basilisks
  3 wraiths
  66 yaks
  A golden eye (shapeshifter) (D:15)
  7 hogs (Snake:3)
  2 steam dragons
  2 vampire mosquitoes (D:14)
  4 small abominations (Gauntlet)
  70 nagas
  A soldier ant (shapeshifter) (D:15)
  3 wargs
  An acid dragon (D:14)
  13 water moccasins
  25 orc warriors
  2 phantoms
  A hornet zombie (D:14)
  2 ice beasts
  5 sky beasts
  7 black bears
  A necrophage (D:14)
  12 centaurs
  8 ogres
  12 wolves
  4 big kobolds
  A lemure (D:8)
  16 bullfrogs
  A wyvern zombie (D:8)
  11 scorpions
  A water moccasin skeleton (D:8)
  45 killer bees
  12 wights
  5 electric eels
  4 centaur zombies
  A howler monkey (D:9)
  A bullfrog zombie (D:12)
  A quasit (D:11)
  5 bullfrog skeletons
  6 hounds
  8 jellies
  30 orc priests
  31 orc wizards
  4 centaur skeletons
  3 iguanas
  17 worker ants
  6 hell rats (Lair:6)
  A hound zombie (D:6)
  A hound skeleton (D:6)
  A worker ant zombie (D:10)
  6 gnolls
  15 adders
  An ufetubus (D:9)
  8 oozes
  5 worms
  4 adder skeletons
  6 leopard geckos
  74 orcs
  6 giant cockroaches
  7 goblins
  8 hobgoblins
  4 jackals (D:4)
  3 quokkas
  4 ball pythons (Sewer)
  5 bats
  7 frilled lizards
  A jackal skeleton (D:5)
  25 kobolds
  A leopard gecko zombie (D:3)
  A quokka skeleton (D:9)
  4 rats
  A lurking horror (D:8)
  7 tentacles (Shoals:1)
1089 creatures vanquished.

Vanquished Creatures (others)
  A wizard (D:3)
  A naga mage (Snake:4)
  A kobold (D:12)
  14 fungi
  A lurking horror (D:8)
  65 plants
  13 tentacles (Shoals:1)
  13 withered plants (Gauntlet)
109 creatures vanquished.

Grand Total: 1198 creatures vanquished

Notes
Turn   | Place    | Note
-------+----------+-------------------------------------------
     0 | D:1      | Arum the Formicid Fighter began the quest for the Orb.
     0 | D:1      | Reached XP level 1. HP: 18/18 MP: 1/1
   447 | D:1      | Reached XP level 2. HP: 22/24 MP: 2/2
  1112 | D:2      | Reached XP level 3. HP: 27/29 MP: 3/3
  1561 | D:2      | Reached XP level 4. HP: 29/37 MP: 4/4
  2141 | D:3      | Found a bloodstained altar of Trog.
  2143 | D:3      | Noticed a wizard
  2148 | D:3      | Killed a wizard
  2320 | D:3      | Found a glowing drain.
  2330 | D:3      | Reached skill level 4 in Fighting
  2341 | Sewer    | Entered a sewer
  2378 | Sewer    | Reached XP level 5. HP: 39/42 MP: 5/5
  3063 | D:3      | Reached XP level 6. HP: 49/49 MP: 6/6
  3213 | D:4      | Reached skill level 5 in Shields
  3467 | D:4      | Reached XP level 7. HP: 51/55 MP: 7/7
  3566 | D:4      | Reached skill level 5 in Fighting
  3566 | D:4      | Reached skill level 5 in Armour
  4207 | D:5      | Entered Level 5 of the Dungeon
  4507 | D:5      | Reached XP level 8. HP: 42/64 MP: 8/8
  4735 | D:5      | Reached skill level 6 in Fighting
  4735 | D:5      | Reached skill level 5 in Staves
  5171 | D:6      | Noticed Maggie
  5189 | D:6      | Killed Maggie
  5348 | D:6      | Found a staircase to the Ecumenical Temple.
  5358 | Temple   | Entered the Ecumenical Temple
  5613 | Temple   | Became a worshipper of Cheibriados the Contemplative
  5639 | D:6      | Reached skill level 7 in Fighting
  5639 | D:6      | Reached XP level 9. HP: 70/72 MP: 9/9
  5672 | D:6      | Reached skill level 1 in Invocations
  5792 | D:6      | Noticed Grinder
  5847 | D:6      | Killed Grinder
  6105 | D:6      | Found a shadowy altar of Dithmenos.
  6635 | D:7      | Found Xazxem's Assorted Antiques.
  6643 | D:7      | Bought a scroll of identify for 36 gold pieces
  6643 | D:7      | Bought a scroll of identify for 36 gold pieces
  6667 | D:7      | Reached * piety under Cheibriados
  6965 | D:8      | You fall into a shaft and drop 3 floors!
  6988 | D:11     | Noticed a purple ugly thing
  7012 | D:11     | Killed a purple ugly thing
  7013 | D:11     | Reached skill level 8 in Fighting
  7013 | D:11     | Reached XP level 10. HP: 22/80 MP: 3/13
  7294 | D:11     | Reached skill level 5 in Invocations
  7444 | D:10     | Entered Level 10 of the Dungeon
  7640 | D:9      | Reached skill level 9 in Fighting
  7975 | D:9      | Identified the +1 robe "Keaf" {Str+3}
  8013 | D:9      | Reached ** piety under Cheibriados
  8197 | D:9      | Reached XP level 11. HP: 39/90 MP: 10/16
  8421 | D:9      | Found Lesahum's Gadget Emporium.
  8440 | D:9      | Noticed Joseph
  8441 | D:9      | Found Kueg's Weapon Boutique.
  8460 | D:9      | Killed Joseph
  8461 | D:9      | Reached skill level 10 in Fighting
  8751 | D:9      | Found a staircase to the Orcish Mines.
  8870 | D:9      | Found Maalyl's Antique Weapon Shoppe.
  9200 | D:8      | Found a one-way gate to the infinite horrors of the Abyss.
  9200 | D:8      | Found a corrupted altar of Lugonu.
  9363 | D:8      | Noticed Pikel
  9393 | D:8      | Killed Pikel
  9834 | D:9      | Found Unadigon's General Store.
  9837 | D:9      | Bought a scroll of immolation for 56 gold pieces
  9837 | D:9      | Bought a scroll of amnesia for 56 gold pieces
  9990 | D:10     | Reached *** piety under Cheibriados
 10107 | D:10     | Noticed a boulder beetle
 10168 | D:10     | Killed a boulder beetle
 10492 | D:10     | Found a staircase to the Lair.
 11027 | D:11     | Noticed an orc warlord
 11057 | D:11     | Killed an orc warlord
 11319 | D:11     | Noticed a four-headed hydra
 11341 | D:11     | You fall into a shaft and drop 2 floors!
 11634 | D:13     | Noticed a centaur warrior
 11654 | D:13     | Killed a centaur warrior
 11655 | D:13     | Reached skill level 11 in Fighting
 11655 | D:13     | Reached skill level 10 in Staves
 11878 | D:13     | Got a pair of transparent boots
 11879 | D:13     | Identified the +1 pair of boots "Ricun" {+Fly} (You found
                  | it on level 13 of the Dungeon)
 11908 | D:13     | Noticed a tengu warrior
 11929 | D:13     | Killed a tengu warrior
 11930 | D:13     | Reached XP level 12. HP: 92/100 MP: 16/19
 11988 | D:13     | Noticed a centaur warrior
 12005 | D:13     | Killed a centaur warrior
 12012 | D:13     | Reached **** piety under Cheibriados
 12144 | D:13     | Reached skill level 10 in Invocations
 12344 | D:13     | Found an ornate altar of the Wu Jian Council.
 12582 | D:13     | Noticed a vault guard
 12601 | D:13     | Killed a vault guard
 12999 | D:13     | Found a gate to the Vaults.
 13700 | D:12     | Reached skill level 12 in Fighting
 13826 | D:12     | Noticed a boulder beetle
 13876 | D:12     | Killed a boulder beetle
 14414 | D:12     | Reached XP level 13. HP: 107/108 MP: 19/21
 14895 | D:12     | Noticed a shadow dragon
 14933 | D:12     | Killed a shadow dragon
 15196 | D:12     | Noticed a boulder beetle
 15227 | D:12     | Killed a boulder beetle
 15905 | D:11     | Reached ***** piety under Cheibriados
 16119 | D:11     | Killed a four-headed hydra
 16488 | D:14     | Found a gate leading to a gauntlet.
 16543 | D:14     | Reached skill level 13 in Fighting
 16555 | Gauntlet | Entered a Gauntlet
 16555 | Gauntlet | Found a transporter.
 16555 | Gauntlet | Found a transporter.
 16663 | Gauntlet | Found a transporter.
 16676 | Gauntlet | Found a transporter.
 16693 | Gauntlet | Noticed a ghost crab
 16694 | Gauntlet | Found a transporter.
 16694 | Gauntlet | Found a transporter.
 16694 | Gauntlet | Found a transporter.
 16696 | Gauntlet | Found a transporter.
 16696 | Gauntlet | Found a transporter.
 16700 | Gauntlet | Found a runed translucent door.
 16700 | Gauntlet | Found a runed translucent door.
 16707 | Gauntlet | Found a transporter.
 16720 | Gauntlet | Noticed a death ooze
 16722 | Gauntlet | Found the +3 pair of gauntlets of War {Slay+5}
 16723 | Gauntlet | Found a transporter.
 16733 | Gauntlet | Found a transporter.
 16747 | Gauntlet | Found a transporter.
 16767 | Gauntlet | Found a transporter.
 16888 | Gauntlet | Killed a ghost crab
 16900 | Gauntlet | Got a glittering silver ring
 16907 | Gauntlet | Identified the ring of Vyekanes {Fire Int-4 Dex+3 SInv}
                  | (You found it in a Gauntlet)
 16924 | Gauntlet | Killed a death ooze
 16925 | Gauntlet | Reached skill level 10 in Armour
 17042 | Gauntlet | Noticed a minotaur
 17053 | Gauntlet | Killed a minotaur
 17226 | Gauntlet | Identified the Catalogue of Fiery Confrontation
 17319 | D:14     | Reached XP level 14. HP: 118/118 MP: 23/23
 17357 | D:14     | Identified Roxanne's Grimoire of Earth
 17357 | D:14     | Noticed Roxanne
 17407 | D:14     | Killed Roxanne
 17946 | D:14     | Reached skill level 1 in Long Blades
 19266 | D:15     | Entered Level 15 of the Dungeon
 19279 | D:14     | Reached skill level 5 in Long Blades
 19415 | D:14     | Reached skill level 14 in Fighting
 20003 | D:15     | Got a brightly glowing cloak
 20006 | D:15     | Identified the +2 cloak "Raradi Xuysy" {Harm Str+3 Dex-4}
                  | (You found it on level 15 of the Dungeon)
 20080 | D:15     | Reached XP level 15. HP: 92/126 MP: 10/24
 20925 | D:15     | Found a staircase to the Depths.
 21494 | Orc:1    | Entered Level 1 of the Orcish Mines
 21604 | Orc:1    | Found Foar's Magic Scroll Shoppe.
 21632 | Orc:1    | Bought a scroll of enchant armour for 82 gold pieces
 21632 | Orc:1    | Bought a scroll of identify for 22 gold pieces
 21632 | Orc:1    | Bought a scroll of enchant weapon for 82 gold pieces
 21632 | Orc:1    | Bought a scroll of identify for 22 gold pieces
 21632 | Orc:1    | Bought a scroll of identify for 22 gold pieces
 21632 | Orc:1    | Bought a scroll of holy word for 82 gold pieces
 21636 | Orc:1    | Identified a scroll of acquirement
 21639 | Orc:1    | Acquired 1185 gold pieces
 21769 | Orc:1    | Noticed an orc warlord
 21788 | Orc:1    | Killed an orc warlord
 22187 | Orc:2    | Entered Level 2 of the Orcish Mines
 22339 | Orc:2    | Found a staircase to the Elven Halls.
 22604 | Orc:2    | Reached skill level 15 in Fighting
 22626 | Orc:2    | Found Uscharphi's Magic Scroll Boutique.
 22626 | Orc:2    | Found Wounna Rodu's Antique Weapon Shop.
 22629 | Orc:2    | Found Pon Aheo's Gadget Shop.
 22713 | Orc:2    | Found Wosoeh's Weapon Boutique.
 23149 | Lair:1   | Entered Level 1 of the Lair of Beasts
 23174 | Lair:1   | Reached skill level 10 in Long Blades
 23290 | Lair:1   | Reached ****** piety under Cheibriados
 23554 | Lair:1   | Reached XP level 16. HP: 136/136 MP: 17/25
 24170 | Lair:2   | Noticed Fannar
 24180 | Lair:2   | Killed Fannar
 26401 | Lair:4   | Acquired a manual of Transmutations
 26521 | Lair:4   | Noticed Sonja
 26533 | Lair:4   | Killed Sonja
 26771 | Lair:4   | Found a staircase to the Snake Pit.
 26811 | Lair:4   | Got a transparent platinum ring
 26812 | Lair:4   | Identified the ring of Reuckouv {rPois rF- Dex+5 SInv
                  | Stlth+} (You found it on level 4 of the Lair of Beasts)
 26928 | Lair:4   | Found a staircase to the Shoals.
 27153 | Lair:5   | Found a staircase to the Slime Pits.
 27214 | Lair:5   | Reached skill level 16 in Fighting
 27811 | Lair:6   | Entered Level 6 of the Lair of Beasts
 28216 | Lair:6   | Reached XP level 17. HP: 145/145 MP: 23/26
 29466 | Snake:1  | Entered Level 1 of the Snake Pit
 29860 | Snake:1  | Reached skill level 17 in Fighting
 29860 | Snake:1  | Reached skill level 15 in Armour
 30321 | Snake:2  | Found a white marble altar of Elyvilon.
 30528 | Snake:2  | Noticed Vashnia
 30593 | Snake:2  | Reached XP level 18. HP: 155/155 MP: 20/27
 30608 | Snake:2  | Killed Vashnia
 31143 | Snake:3  | Reached skill level 18 in Fighting
 31668 | Snake:3  | Noticed Kirke
 31674 | Snake:3  | Killed Kirke
 32154 | Snake:3  | Found Xidwuese's Jewellery Shop.
 32154 | Snake:3  | Found Tyecleef's Gadget Emporium.
 32155 | Snake:3  | Found Jikkone's Jewellery Shop.
 32161 | Snake:3  | Bought the ring "Acenoichie" {rPois rC+ Slay+3 Stlth-} for
                  | 574 gold pieces
 32382 | Snake:4  | Entered Level 4 of the Snake Pit
 32630 | Snake:4  | Noticed Donald
 32643 | Snake:4  | Killed Donald
 33194 | Snake:4  | Found Runukhen's Assorted Antiques.
 33537 | Snake:4  | Reached XP level 19. HP: 164/165 MP: 27/29
 33565 | Snake:4  | Reached skill level 15 in Long Blades
 33761 | Snake:4  | Reached skill level 19 in Fighting
 34243 | Snake:4  | Got a serpentine rune of Zot
 34506 | Shoals:1 | Entered Level 1 of the Shoals
 34949 | Shoals:1 | Reached skill level 15 in Invocations
 35786 | Shoals:1 | Found a runed translucent gate.
 35786 | Shoals:1 | Found a runed translucent gate.
 35786 | Shoals:1 | Found a runed translucent gate.
 35787 | Shoals:1 | Found an opulent altar of Gozag.
 35788 | Shoals:1 | Noticed vatarom's ghost (adept DsAK)
 35789 | Shoals:1 | Found Dehasikk's Assorted Antiques.
 35805 | Shoals:1 | Cast into level 3 of the Abyss (vatarom's ghost)
 35808 | Abyss:3  | Noticed a lich
 35813 | Abyss:3  | Noticed a bone dragon
 35821 | Abyss:3  | Mangled by an Executioner

Illustrated notes

Levels and vault maps discovered:
D:1:      sevenhm_arrival_forest_fort_small_1, layout_basic,
          minmay_misc_feat_nine_boxes, minmay_unequal
D:2:      layout_basic
D:3:      layout_loops_cross, portal_sewer_entry_f, trog_wizard
D:4:      layout_gridville
D:5:      layout_basic
D:6:      layout_rooms, kennysheep_little_box, temple_fountains, uniq_maggie,
          uniq_grinder
D:7:      layout_basic, serial_shops, shop, minmay_misc_feat_plants
D:8:      layout_basic, roderic_serpentine_path,
          amcnicky_altar_lugonu_corruption, uniq_pikel
D:9:      layout_rooms, erik_orc_3, serial_shops, kennysheep_mini,
          nicolae_shop_temple_entry_statues_fountains, shop, shop_fountains,
          uniq_joseph
D:10:     layout_basic, lair_entry_dummy, serial_bayou_pond_d
D:11:     layout_roguey, grunt_decor_one_mirror, kennysheep_just_a_vault
D:12:     minmay_klotski, layout_stronghold
D:13:     layout_loops_ring, david_vaults_5, basic_altar
D:14:     layout_roguey, gauntlet_entry_generic, nicolae_benzene_ring,
          serial_bayou_lake_a, uniq_roxanne
D:15:     grunt_enter_depths_hoard, layout_cave_pools, st_stairs_4
Temple:   roderic_octagonal_lattice_temple
Lair:1:   layout_long_grid, serial_bayou_shore_b, serial_bayou_shore_b,
          serial_bayou_shore_b, grunt_megastairs_4
Lair:2:   regret_index_bee_streams, layout_cave_pods, lemuel_fruit_tree,
          grunt_megastairs_2, uniq_fannar
Lair:3:   layout_cave_pods, hangedman_lair_unloving_vines
Lair:4:   layout_regular_city, minmay_shoals_entry_lonely_mermaid,
          minmay_snake_entry_spellcaster, nicolae_lair_grove_arrangements,
          chequers_serial_rivers_room_a, nicolae_lair_yak_garden,
          serial_bayou_shore_b, uniq_sonja
Lair:5:   layout_small_grid, nicolae_slime_entry_slimehenge,
          serial_bayou_shore_a, infiniplex_staircase_pool_2
Lair:6:   grunt_lair_end_beastmaster, layout_hall_layers, serial_bayou_shore_b,
          grunt_megastairs_1
Shoals:1: layout_shoals, ebering_ghost_gozag,
          nicolae_shoals_siren_and_animal_friends
Snake:1:  layout_misc_corridors, serial_bayou_ford_a,
          nicolae_snake_round_shape_thing
Snake:2:  layout_rooms, basic_altar, uniq_vashnia
Snake:3:  layout_chambers, grunt_megastairs_3, minmay_shop_grove, uniq_kirke
Snake:4:  grunt_snake_rune_pools, layout_cave_town, serial_shops, shop,
          drop_trap, uniq_donald
Orc:1:    layout_diamond_mine, serial_shops, shop, rock_pile
Orc:2:    st_orc_mages, layout_diamond_mine
Abyss:3:  base: D:4, hangedman_shadowy_showcase, nicolae_abyss_rune_left_handed,
          evilmike_abyss_exit_17

Skill      XL: |  1  2  3  4  5  6  7  8  9 10 11 12 13 14 15 16 17 18 19 |
---------------+----------------------------------------------------------+-----
Shields        | 4 5 6 7 9 |  9.0
Fighting       | 4 5 7 8 9 11 12 13 14 15 16 17 18 19 | 19.6
Armour         | 4 5 6 8 10 11 12 14 15 | 15.0
Staves         | 3 4 5 7 8 10 11 12 | 12.3
Invocations    | 4 7 9 11 12 14 15 | 15.0
Long Blades    | 6 10 11 13 14 15 | 15.9

Action                   |  1- 3 |  4- 6 |  7- 9 | 10-12 | 13-15 | 16-18 | 19-21 || total
-------------------------+-------+-------+-------+-------+-------+-------+-------++-------
Melee: Quarterstaff      |    92 |   199 |   356 |   724 |   670 |     6 |       ||  2047
       Unarmed           |       |       |    12 |       |       |       |       ||    12
       Demon blade       |       |       |       |       |   432 |  1178 |   270 ||  1880
Invok: Bend Time         |       |       |     1 |     2 |       |       |       ||     3
       Slouch            |       |       |       |     4 |    10 |     7 |     7 ||    28
 Abil: Dig               |       |     1 |     3 |    11 |    15 |     7 |       ||    37
       Shaft Self        |       |       |       |     1 |       |       |       ||     1
Evoke: Wand              |       |       |       |    16 |       |       |       ||    16
       Condenser vane    |       |       |       |     1 |       |       |     2 ||     3
       Tin of tremorston |       |       |       |       |       |       |     1 ||     1
  Use: Scroll            |       |       |     8 |     5 |    16 |     5 |     1 ||    35
       Potion            |       |       |       |     6 |     2 |     1 |     4 ||    13
 Stab: Invisible         |       |       |       |     5 |       |       |       ||     5
       Petrified         |       |       |       |       |       |    20 |       ||    20
Armor: Scale mail        |    30 |    70 |    88 |   122 |   280 |   472 |   138 ||  1200
Dodge: Dodged            |    35 |    55 |   111 |   242 |   354 |   355 |   100 ||  1252
Block: Kite shield       |    40 |    89 |   164 |   328 |   591 |   904 |   265 ||  2381
       Reflection        |       |       |       |       |       |    13 |    28 ||    41
       Rpst.: Demon blade |       |       |       |       |    34 |    73 |    12 ||   119
